Map: Kairos Junction LE

Players

Bunny - Winner!

  • Race: Terran Terran
  • League: Diamond
  • Spawn Location: 11:00

eonblu

  • Race: Zerg Zerg
  • League: Grandmaster
  • Spawn Location: 5:00

Event: HomeStory Cup XIX

VOD

Have the link to the VOD?

Description

Time

  • Played on: June 28, 2019, 6:22 a.m.
  • Length: 8:40

All games in this series

Show
View Real Time Build Order
Export as new Build Order

Bunny Terran - Winner!

Build Orders: Reaper Expand 

Get SALT Encoding   

  12  0:00  SCV  
  13  0:12  SCV  
  14  0:16  Supply Depot  
  14  0:25  SCV  
  15  0:38  SCV  
  15  0:39  Barracks  
  16  0:44  Refinery  
  16  0:50  SCV  
  17  1:02  SCV  
  18  1:14  SCV  
  19  1:27  Orbital Command, Reaper  
  20  1:46  Command Center  
  20  1:52  SCV  
  20  1:54  Supply Depot  
  21  1:58  Marine  
  22  2:04  SCV  
  23  2:10  Factory  
  23  2:16  SCV  
  24  2:23  Barracks Reactor  
  24  2:27  Refinery  
  24  2:29  SCV  
  25  2:41  SCV  
  26  2:53  SCV  
  26  2:55  Factory Tech Lab  
  27  2:58  Orbital Command  
  27  2:59  Bunker, Marine x2  
  27  3:04  Starport  
  27  3:05  SCV  
  30  3:12  Bunker  
  30  3:17  Marine x2  
  32  3:22  Cyclone  
  35  3:27  SCV x2  
  37  3:34  Orbital Command  
  37  3:39  Marine x2  
  39  3:41  Viking  
  39  3:47  Supply Depot  
  41  3:52  Orbital Command, Supply Depot  
  41  3:57  Orbital Command  
  41  4:07  Supply Depot  
  41  4:08  Siege Tank  
  44  4:10  SCV  
  44  4:15  Marine x2  
  47  4:23  SCV x2  
  49  4:35  SCV  
  49  4:36  SCV  
  50  4:43  Command Center  
  50  4:47  SCV  
  50  4:48  SCV  
  52  4:59  Barracks, SCV  
  53  5:00  Barracks, SCV  
  53  5:03  Stimpack  
  54  5:07  Starport Reactor  
  54  5:10  Factory Reactor  
  54  5:11  SCV  
  54  5:12  SCV  
  56  5:18  Marine  
  57  5:23  Engineering Bay, SCV  
  57  5:24  SCV  
  57  5:25  Engineering Bay  
  59  5:30  Refinery x2  
  59  5:31  Supply Depot  
  59  5:36  Marine  
  59  5:38  Supply Depot  
  59  5:39  SCV  
  59  5:40  SCV  
  62  5:50  Terran Infantry Weapons Level 1  
  62  5:53  Medivac x2  
  62  5:55  Terran Infantry Armor Level 1  
  62  5:56  Orbital Command  
  66  5:57  SCV x2  
  66  6:00  Marine  
  66  6:01  Marine  
  66  6:02  Marine  
  66  6:04  Marine  
  71  6:05  Marine  
  71  6:07  Factory Tech Lab  
  73  6:12  SCV x2  
  75  6:19  Marine  
  75  6:20  Marine x2  
  75  6:22  Marine  
  79  6:26  Siege Tank  
  79  6:28  Medivac x2  
  86  6:33  SCV x2  
  86  6:36  Marine  
  86  6:37  Marine x2  
  86  6:38  Marine  
  92  6:46  Missile Turret, Supply Depot x2  
  92  6:48  Missile Turret  
  92  6:55  Marine  
  93  7:01  Marine x3, Medivac x2  
  93  7:02  Supply Depot  
  93  7:05  Siege Tank  
  93  7:08  Combat Shield  
  95  7:20  Marauder, Marine x2  
  95  7:21  Marine x2  
  97  7:26  Barracks x2  
  97  7:37  Marine  
  97  7:38  Marine  
  97  7:39  Siege Tank  
  97  7:41  Marauder, Supply Depot  
  104  7:45  Marine  
  104  7:46  Marine  
  104  7:48  Armory  
  104  7:50  Supply Depot  
  106  7:55  SCV x2  
  106  7:57  Marine x2  
  110  8:03  Marauder  
  111  8:11  Marine x2  
  116  8:15  Marine x2  
  116  8:18  Barracks Reactor x2  
Show
View Real Time Build Order
Export as new Build Order

eonblu Zerg 

Build Orders: Pool First 

Get SALT Encoding   

  12  0:00  Drone  
  13  0:11  Drone  
  14  0:16  Overlord  
  14  0:29  Extractor  
  14  0:30  Drone  
  14  0:35  Drone x2  
  16  0:46  Spawning Pool  
  15  0:51  Drone  
  15  0:54  Drone  
  17  1:19  Hatchery  
  16  1:31  Drone  
  17  1:33  Zergling x4  
  21  1:53  Drone, Roach Warren  
  19  2:04  Overlord  
  18  2:33  Roach x4  
  18  2:35  Queen  
  28  2:46  Spore Crawler  
  28  2:49  Spore Crawler  
  26  2:53  Spore Crawler  
  26  2:55  Ravager  
  26  2:56  Ravager x2  
  26  2:58  Queen  
  31  3:00  Drone x2  
  35  3:08  Overlord  
  35  3:11  Drone  
  36  3:28  Drone, Extractor  
  36  3:29  Drone x4  
  36  3:32  Ravager  
  41  3:35  Drone  
  43  3:47  Overlord  
  43  4:03  Lair  
  43  4:07  Overlord  
  43  4:08  Drone x5  
  43  4:09  Drone  
  49  4:23  Extractor  
  49  4:24  Extractor  
  43  4:43  Overlord  
  43  4:44  Drone x9, Extractor  
  48  5:08  Spire  
  48  5:10  Drone  
  48  5:12  Zergling x6  
  48  5:13  Metabolic Boost  
  51  5:15  Drone x2  
  51  5:16  Drone x3  
  56  5:23  Overlord  
  56  5:27  Zergling x8  
  60  5:42  Glial Reconstitution  
  60  5:45  Nydus Network  
  60  5:46  Roach  
  60  5:47  Roach x3  
  60  5:48  Overseer  
  68  5:51  Overlord x2  
  68  6:14  Overlord x2  
  67  6:25  Overseer  
  67  6:29  Overlord x2  
  67  6:35  Roach  
  67  6:36  Roach x7  
  67  6:37  Nydus Canal  
  83  6:47  Overlord  
  83  6:48  Roach  
  83  6:49  Roach  
  87  6:55  Zergling x2  
  87  6:56  Zergling x4  
  87  6:58  Ravager x4  
  87  7:01  Zergling x6  
  97  7:05  Zergling x2  
  97  7:06  Drone  
  99  7:12  Ravager  
  99  7:14  Ravager  
  95  7:16  Zergling x2  
  90  7:27  Zergling x10  
  90  7:28  Nydus Canal  
  93  7:34  Zergling x6  
  92  7:47  Zergling x6  
  92  7:49  Ravager  
  96  7:53  Ravager  
  96  7:54  Ravager x3  
  96  7:55  Zergling x8  
  100  8:06  Overlord x2  
Tags
 
Add a new tag
Caveats
  • Supply blocks, unpowered buildings, or Contaminate may cause inaccurate times.
  • Supply counts are checked every 10 seconds.